 Dungeon Sprint DCSS version 0.22.2-1-ge965b3a (webtiles) character file.

4300000 Fang the Blood Saint (level 25, -1/234 HPs)
             Began as a Demonspawn Gladiator on June 3, 2019.
             Was the Champion of Makhleb.
             Slain by a destroyer
             ... wielding a +9 great sword of slicing
              (5 damage)
             ... in the Dungeon (Sprint VIII: "Arena of Blood").
             The game lasted 00:00:56 (43 turns).

Fang the Blood Saint (Demonspawn Gladiator)           Turns: 43, Time: 00:00:57

Health: -1/234     AC:  8    Str: 23    XL:     25   Next: 56%
Magic:  20/54      EV: 34    Int:  9    God:    Makhleb [******]
Gold:   0          SH:  6    Dex: 19    Spells: 78/78 levels left

rFire    . . .     SeeInvis .   l - +∞ Axe of Woe
rCold    + . .     Gourm    .   (shield currently unavailable)
rNeg     . . .     Faith    .   b - +0 leather armour
rPois    .         Spirit   .   c - +0 helmet
rElec    .         Reflect  .   (no cloak)
rCorr    .         Harm     .   (no gloves)
MR       +....     NoTele   +   (boots unavailable)
Stlth    +++++++++.             (no amulet)
HPRegen  0.49/turn              (no ring)
MPRegen  0.34/turn              (no ring)

@: no status effects
A: hooves 3, large bone plates 2, cold resistance 1, icemail, spiny 3,
augmentation 3, freezing cloud immunity
a: Minor Destruction, Lesser Servant of Makhleb, Major Destruction, Greater
Servant of Makhleb, Renounce Religion


You were in the Dungeon.
You worshipped Makhleb.
Makhleb was exalted by your worship.
You were not hungry.

You visited 1 branch

Inventory:

Hand Weapons
 a - a +0 war axe
 l - the +∞ Axe of Woe (weapon)
   (You found it in the Dungeon)
Missiles
 d - 3 throwing nets (quivered)
Armour
 b - a +0 leather armour (worn)
 c - a +0 helmet (worn)
Scrolls
 k - a scroll of blinking
Potions
 e - a potion of curing
 g - a potion of heal wounds
 h - a potion of haste
 i - 2 potions of magic
 j - a potion of berserk rage
Comestibles
 f - a ration


   Skills:
 O Level 27 Fighting
 O Level 27 Axes
 O Level 27 Throwing
 O Level 27 Armour
 O Level 27 Dodging
 O Level 27 Stealth
 O Level 27 Unarmed Combat
 O Level 27 Spellcasting
 O Level 27 Invocations


You had 78 spell levels left.
You didn't know any spells.
Your spell library was empty.

Dungeon Overview and Level Annotations

Branches:
Dungeon (1/1)

Altars:
Makhleb

Annotations:
D The Servant


Innate Abilities, Weirdness & Mutations

You have hooves in place of feet.
You are mostly covered in large bone plates. (SH +6)
Your flesh is cold resistant. (rC+)
A meltable icy envelope protects you from harm. (AC +0)
You are completely covered in sharp spines.
Your magical and physical power is greatly enhanced at high health.
You are immune to freezing clouds.


Message History

Makhleb accepts your kill.
You feel better.
You are engulfed in blazing flames.
The meat berserker rages.
You hear a shout!
The bag of meat is engulfed in blazing flames.
The sculptor of flesh is engulfed in blazing flames.
You hear a shout!
The meat berserker is engulfed in blazing flames.
The meat berserker rages.
You hear a shout!
A bag of meat comes into view. It is wielding a +9 war axe.
A bag of meat comes into view. It is wielding a +9 war axe.
The meat berserker is engulfed in blazing flames.
You hear a shout! x2
The Servant is engulfed in blazing flames.
The Servant completely misses you. The destroyer is struck by your spines.
The destroyer hits you with a +9 great sword of slicing!!!!
Ouch! That really hurt!
* * * LOW HITPOINT WARNING * * *
You die...

.#... #... ..#
#......###... ..###.
....%.......###......
..o.#........_......
..#.......#.§...#
....o%.V§§#_.<._# .
#..o§§@.#.)...#...
..%.#§)o§§)))_......
....O§O§@VO.###......
...%.§z###o)O....###.
.....§§ #§.o....#
....o.. #V.V....#
#o..O.. ....o.....
.#o#... ........%..
#.#.... ..O........
o#.#.....o%V...%..#


You could see The Servant, 3 destroyers, a sculptor of flesh, 4 meat berserkers
and 10 bags of meat.

Vanquished Creatures
  6 vampire knights (D)
  12 ogres (D)
  4 two-headed ogres (D)
  18 orcs (D)
40 creatures vanquished.

Notes
Turn   | Place    | Note
-------+----------+-------------------------------------------
     0 | D        | Found the +∞ Axe of Woe
     0 | D        | Fang the Demonspawn Gladiator began the quest for the Orb.
     0 | D        | Reached XP level 1. HP: 16/16 MP: 1/1
     2 | D        | Noticed a meat berserker
     4 | D        | Became a worshipper of Makhleb the Destroyer
     5 | D        | Noticed a bag of meat
     8 | D        | Killed a meat berserker
     8 | D        | Reached skill level 15 in Axes
     8 | D        | Reached skill level 15 in Throwing
     8 | D        | Reached skill level 15 in Dodging
     8 | D        | Gained mutation: You have large cloven feet. [demonic
                  | ancestry]
     8 | D        | Reached XP level 2. HP: 46/46 MP: 2/2
     8 | D        | Reached XP level 3. HP: 52/52 MP: 3/3
     8 | D        | Gained mutation: You are partially covered in sharp spines.
                  | [demonic ancestry]
     8 | D        | Reached XP level 4. HP: 59/59 MP: 4/4
     8 | D        | Gained mutation: Your flesh is cold resistant. (rC+)
                  | [demonic ancestry]
     8 | D        | Reached XP level 5. HP: 66/66 MP: 5/5
     8 | D        | Gained mutation: You have hoof-like feet. [demonic
                  | ancestry]
     8 | D        | Reached XP level 6. HP: 73/73 MP: 6/6
     8 | D        | Reached XP level 7. HP: 79/79 MP: 7/7
     8 | D        | Gained mutation: You are immune to freezing clouds.
                  | [demonic ancestry]
     8 | D        | Reached XP level 8. HP: 86/86 MP: 8/8
     8 | D        | Reached XP level 9. HP: 92/92 MP: 9/9
     8 | D        | Reached XP level 10. HP: 100/100 MP: 10/10
     8 | D        | Reached XP level 11. HP: 106/106 MP: 11/11
     8 | D        | Reached XP level 12. HP: 113/113 MP: 12/12
     8 | D        | Reached XP level 13. HP: 119/119 MP: 13/13
     9 | D        | Killed a bag of meat
     9 | D        | Reached * piety under Makhleb
    10 | D        | Noticed a bag of meat
    11 | D        | Noticed a bag of meat
    12 | D        | Noticed a bag of meat
    12 | D        | Noticed a bag of meat
    14 | D        | Noticed a large bag of meat
    14 | D        | Noticed a meat berserker
    15 | D        | Noticed a bag of meat
    15 | D        | Noticed a meat berserker
    15 | D        | Noticed a bag of meat
    15 | D        | Noticed a bag of meat
    15 | D        | Noticed a bag of meat
    16 | D        | Killed a bag of meat
    16 | D        | Reached skill level 5 in Stealth
    16 | D        | Gained mutation: You are mostly covered in sharp spines.
                  | [demonic ancestry]
    16 | D        | Reached XP level 14. HP: 85/131 MP: 13/20
    16 | D        | Killed a bag of meat
    16 | D        | Noticed a bag of meat
    16 | D        | Noticed a meat berserker
    17 | D        | Noticed a meat berserker
    17 | D        | Killed a bag of meat
    17 | D        | Reached ** piety under Makhleb
    17 | D        | Gained mutation: You are partially covered in large bone
                  | plates. (SH +4) [demonic ancestry]
    17 | D        | Reached XP level 15. HP: 141/141 MP: 13/27
    17 | D        | Noticed a meat berserker
    18 | D        | Killed a meat berserker
    18 | D        | Reached skill level 10 in Armour
    18 | D        | Reached skill level 10 in Unarmed Combat
    18 | D        | Reached skill level 10 in Spellcasting
    18 | D        | Killed a meat berserker
    18 | D        | Gained mutation: You are completely covered in sharp
                  | spines. [demonic ancestry]
    18 | D        | Reached XP level 16. HP: 152/152 MP: 13/32
    18 | D        | Noticed a meat berserker
    19 | D        | Reached *** piety under Makhleb
    19 | D        | Killed a large bag of meat
    19 | D        | Reached skill level 15 in Stealth
    19 | D        | Gained mutation: You have hooves in place of feet. [demonic
                  | ancestry]
    19 | D        | Reached XP level 17. HP: 114/161 MP: 13/35
    20 | D        | Noticed a meat berserker
    21 | D        | Reached **** piety under Makhleb
    21 | D        | Reached skill level 15 in Armour
    21 | D        | Reached skill level 15 in Unarmed Combat
    21 | D        | Reached skill level 15 in Spellcasting
    21 | D        | Killed a meat berserker
    21 | D        | Gained mutation: Your magical and physical power is
                  | slightly enhanced at high health. [demonic ancestry]
    21 | D        | Reached XP level 18. HP: 172/172 MP: 14/38
    21 | D        | Killed a meat berserker
    22 | D        | Reached ***** piety under Makhleb
    22 | D        | Reached XP level 19. HP: 182/182 MP: 14/40
    22 | D        | Killed a meat berserker
    22 | D        | Killed a meat berserker
    23 | D        | Reached XP level 20. HP: 194/194 MP: 14/43
    24 | D        | Killed a meat berserker
    24 | D        | Reached skill level 27 in Invocations
    24 | D        | Reached skill level 27 in Fighting
    24 | D        | Noticed a large bag of meat
    24 | D        | Noticed a meat berserker
    24 | D        | Noticed a destroyer
    24 | D        | Noticed a destroyer
    24 | D        | Noticed a meat berserker
    25 | D        | Noticed a destroyer
    25 | D        | Noticed a meat berserker
    27 | D        | Killed a destroyer
    27 | D        | Gained mutation: You are mostly covered in large bone
                  | plates. (SH +6) [demonic ancestry]
    27 | D        | Reached XP level 21. HP: 204/204 MP: 15/47
    29 | D        | Reached ****** piety under Makhleb
    29 | D        | Killed a large bag of meat
    29 | D        | Reached skill level 27 in Axes
    29 | D        | Reached skill level 27 in Throwing
    29 | D        | Reached skill level 27 in Dodging
    29 | D        | Noticed a destroyer
    30 | D        | Killed a destroyer
    30 | D        | Reached skill level 27 in Stealth
    30 | D        | Gained mutation: A meltable icy envelope protects you from
                  | harm. (AC +0) [demonic ancestry]
    30 | D        | Reached XP level 22. HP: 212/212 MP: 16/51
    30 | D        | Noticed a destroyer
    31 | D        | Reached skill level 27 in Armour
    31 | D        | Reached skill level 27 in Unarmed Combat
    31 | D        | Reached skill level 27 in Spellcasting
    31 | D        | Killed a destroyer
    31 | D        | Noticed The Servant
    32 | D        | Noticed a destroyer
    33 | D        | Noticed a large bag of meat
    33 | D        | Gained mutation: Your magical and physical power is
                  | enhanced at high health. [demonic ancestry]
    33 | D        | Reached XP level 23. HP: 219/219 MP: 17/54
    33 | D        | Noticed a large bag of meat
    33 | D        | Noticed a destroyer
    34 | D        | Noticed a destroyer
    34 | D        | Noticed a destroyer
    35 | D        | Killed a destroyer
    38 | D        | Killed a destroyer
    38 | D        | Reached XP level 24. HP: 227/227 MP: 18/54
    40 | D        | Killed a large bag of meat
    40 | D        | Killed a large bag of meat
    41 | D        | Gained mutation: Your magical and physical power is greatly
                  | enhanced at high health. [demonic ancestry]
    41 | D        | Reached XP level 25. HP: 224/234 MP: 19/54
    41 | D        | Killed a destroyer
    43 | D        | HP: 4/234 [destroyer/+9 great sword of slicing (141)]
    43 | D        | Slain by a destroyer

Skill      XL: |  1  2  3  4  5  6  7  8  9 10 11 12 13 14 15 16 17 18 19 20 21 22 |
---------------+-------------------------------------------------------------------+-----
Fighting       | 16 18 19 21 22 23 24 26 27 | 27.0
Axes           | 15 17 18 19 20 22 24 26 27 | 27.0
Throwing       | 15 17 18 19 20 22 24 26 27 | 27.0
Dodging        | 15 17 18 19 20 22 24 26 27 | 27.0
Armour         | 4 8 12 14 16 17 19 22 25 27 | 27.0
Stealth        | 5 8 13 15 17 18 21 24 27 | 27.0
Unarmed Combat | 4 8 12 14 16 17 19 22 25 27 | 27.0
Spellcasting   | 4 8 12 14 16 17 19 22 25 27 | 27.0
Invocations    | 6 11 16 18 21 23 26 27 | 27.0

Action                   |  1- 3 |  4- 6 |  7- 9 | 10-12 | 13-15 | 16-18 | 19-21 | 22-24 | 25-27 || total
-------------------------+-------+-------+-------+-------+-------+-------+-------+-------+-------++-------
Melee: Executioner's axe |     1 |       |       |       |     4 |     4 |     6 |     8 |     1 ||    24
Dodge: Dodged            |       |       |       |       |     1 |       |       |       |     1 ||     2
Block: Other             |       |       |       |       |       |       |       |     1 |       ||     1
